Map: Ulrena

Players

lesha

  • Race: Terran Terran
  • League: Silver

StranaOz - Winner!

  • Race: Zerg Zerg
  • League: Gold

VOD

Have the link to the VOD?

Description

Time

  • Played on: Dec. 30, 2015, 4:14 a.m.
  • Length: 10:18
Show
View Real Time Build Order
Export as new Build Order

lesha Terran 

Build Orders: MMM Bio 

Get SALT Encoding   

  12  0:01  SCV  
  13  0:13  SCV  
  14  0:18  Supply Depot  
  14  0:25  SCV  
  15  0:39  SCV  
  15  0:41  Barracks  
  16  0:47  Refinery  
  16  0:52  SCV  
  17  1:04  SCV  
  18  1:16  SCV  
  19  1:31  Reaper  
  21  1:33  Barracks  
  21  1:36  Orbital Command  
  20  1:52  Supply Depot  
  20  1:54  Refinery  
  20  2:02  SCV  
  21  2:11  Barracks Tech Lab  
  21  2:17  Factory  
  21  2:34  Barracks Tech Lab  
  21  2:36  SCV  
  22  2:42  Command Center  
  22  2:46  Marine  
  22  2:48  SCV  
  24  3:03  Marine  
  25  3:08  SCV  
  25  3:11  Factory Tech Lab  
  26  3:17  Starport  
  26  3:21  SCV  
  26  3:25  Supply Depot  
  27  3:28  Supply Depot, Barracks  
  27  3:33  SCV  
  28  3:35  Stimpack  
  28  3:47  Widow Mine  
  30  3:52  Marauder x2  
  30  3:54  Starport Reactor  
  34  4:13  Marine x2  
  34  4:14  SCV  
  37  4:20  Supply Depot  
  37  4:27  SCV, Barracks Reactor  
  38  4:31  Marine  
  38  4:32  Barracks  
  38  4:35  Siege Tank  
  42  4:40  Medivac  
  42  4:43  Supply Depot  
  44  4:56  SCV x2  
  44  5:16  SCV  
  44  5:20  Combat Shields  
  45  5:25  Marine x3  
  45  5:26  Marine  
  45  5:27  Medivac  
  51  5:28  SCV  
  51  5:33  Orbital Command  
  52  5:40  SCV  
  53  5:43  Marine  
  53  5:47  Marine x3  
  57  5:50  Barracks Reactor  
  57  5:53  SCV  
  57  5:54  Siege Tank  
  61  6:01  Marine  
  62  6:05  SCV, Marine  
  62  6:09  Supply Depot, Bunker  
  62  6:10  SCV  
  65  6:12  Refinery  
  65  6:21  Marine  
  66  6:33  Supply Depot  
  66  6:34  SCV x2  
  66  6:36  Marine x3  
  66  6:37  Marine  
  72  6:46  SCV  
  72  6:47  SCV  
  74  6:52  Marine x2  
  74  6:54  Marine x3, Medivac  
  78  6:58  SCV  
  78  7:01  Supply Depot  
  74  7:11  Marine x3  
  74  7:12  Marine x3  
  74  7:13  Medivac  
  82  7:21  Engineering Bay  
  82  7:23  Supply Depot, Medivac  
  82  7:24  Engineering Bay  
  84  7:32  Marine x6  
  84  7:36  Widow Mine  
  92  7:40  SCV  
  93  7:44  Refinery  
  93  7:48  SCV  
  93  7:49  Marine  
  93  7:50  Marine  
  96  7:51  Marine  
  96  7:52  SCV, Marine x2  
  96  7:56  Terran Infantry Weapons Level 1  
  100  8:00  SCV  
  100  8:04  Widow Mine  
  103  8:29  Marine  
  103  8:30  Marine x5  
  103  8:33  Medivac  
  109  8:34  Medivac  
  88  8:47  Marine x2  
  88  8:48  Marine x2  
  85  8:49  Marine x2  
  86  9:03  Command Center, Medivac  
  86  9:05  Marine x3  
  86  9:06  Marine x2  
  86  9:07  SCV x2, Marine  
  92  9:19  SCV x2  
  92  9:23  Marine x2  
  94  9:31  SCV  
  82  9:41  Marine x6  
  91  9:58  Marine  
  91  9:59  Marine x2  
Show
View Real Time Build Order
Export as new Build Order

StranaOz Zerg - Winner!

Build Orders: Pool First 

Get SALT Encoding   

  12  0:01  Drone  
  13  0:13  Overlord  
  13  0:18  Drone  
  14  0:32  Drone  
  15  0:41  Spawning Pool  
  14  0:44  Drone  
  14  0:48  Drone  
  16  1:15  Hatchery, Drone  
  16  1:21  Extractor  
  15  1:28  Queen  
  15  1:32  Zergling x2  
  18  1:34  Zergling x2  
  18  1:36  Zergling x2  
  20  1:49  Drone  
  21  1:55  Overlord  
  21  2:05  Drone  
  22  2:22  Drone  
  23  2:36  Lair  
  23  2:37  Drone x2  
  23  2:39  Drone x2, Queen  
  23  2:44  Drone x2  
  31  2:59  Extractor  
  30  3:08  Drone  
  30  3:09  Drone x4  
  30  3:11  Overlord  
  35  3:20  Roach Warren  
  35  3:25  Drone x2  
  36  3:49  Queen  
  36  3:55  Drone x5  
  42  3:56  Drone  
  42  3:57  Overlord x2  
  44  4:15  Hatchery  
  44  4:16  Metabolic Boost  
  43  4:25  Evolution Chamber  
  42  4:41  Drone x2, Roach  
  42  4:42  Drone x4  
  42  4:43  Roach x3  
  56  4:52  Extractor  
  56  4:54  Extractor  
  53  5:07  Zerg Ground Armor Level 1  
  53  5:18  Glial Reconstitution  
  53  5:21  Drone x6, Spire  
  56  5:22  Drone x2  
  56  5:27  Overlord x2  
  60  5:30  Overlord  
  60  5:41  Evolution Chamber  
  60  5:42  Ravager  
  61  5:43  Ravager x2  
  61  5:49  Drone x3  
  65  5:55  Hatchery  
  64  6:02  Infestation Pit  
  63  6:08  Zerg Missile Weapons Level 1  
  63  6:09  Roach x4  
  63  6:10  Roach  
  73  6:23  Queen  
  75  6:27  Roach x2  
  75  6:28  Roach x3  
  85  6:49  Mutalisk x2  
  85  7:06  Drone, Mutalisk x2  
  85  7:07  Mutalisk  
  92  7:09  Overlord x3  
  92  7:21  Zerg Melee Weapons Level 1  
  92  7:24  Drone x2  
  92  7:25  Drone x2  
  96  7:53  Roach x5  
  96  7:54  Roach x5  
  96  7:55  Roach x2  
  120  8:05  Hive  
  120  8:06  Burrow  
  120  8:07  Extractor  
  120  8:08  Drone  
  120  8:09  Drone, Extractor  
  120  8:10  Overlord x3  
  120  8:11  Overlord  
  102  8:54  Roach x5  
  102  8:55  Roach x6  
  124  9:16  Queen  
  110  9:39  Roach x4  
  110  9:40  Roach x6  
  110  9:41  Roach x6  
  110  9:42  Roach  
Tags
 
Composition
MMM Bio
Matchup
TvZ
Opening
Pool First
Add a new tag
Caveats
  • Supply blocks, unpowered buildings, or Contaminate may cause inaccurate times.
  • Supply counts are checked every 10 seconds.